[Event "ICC tourney 2008 (45 10)"]
[Site "Internet Chess Club"]
[Date "2020.09.19"]
[Round "5"]
[White "mnm2"]
[Black "mnm1"]
[Result "1/2-1/2"]
[ICCResult "Game drawn by repetition"]
[WhiteElo "1300"]
[BlackElo "1342"]
[Opening "Sicilian: Richter-Rauzer, 6...e6"]
[ECO "B62"]
[NIC "SI.27"]
[Time "21:01:44"]
[TimeControl "2700+10"]

1. e4 c5 2. Nf3 d6 3. d4 cxd4 4. Nxd4 Nf6 5. Nc3 Nc6 6. Bg5 e6 7. Be2 Be7 8.
O-O O-O 9. Re1 Bd7 10. a3 Rc8 11. Rc1 Ra8 12. Ra1 Rc8 13. Rc1 Ra8 14. Ra1
Rc8 15. Rc1 Ra8 16. Ra1 {Game drawn by repetition} 1/2-1/2

[Event "ICC tourney 2008 (45 10)"]
[Site "Internet Chess Club"]
[Date "2020.09.19"]
[Round "5"]
[White "adinanda"]
[Black "wildrumpus"]
[Result "1/2-1/2"]
[ICCResult "Game drawn because neither player has mating material"]
[WhiteElo "1288"]
[BlackElo "1440"]
[Opening "Caro-Kann: Bronstein-Larsen variation"]
[ECO "B16"]
[NIC "CK.07"]
[Time "21:01:44"]
[TimeControl "2700+10"]

1. e4 c6 2. d4 d5 3. Nc3 dxe4 4. Nxe4 Nf6 5. Nxf6+ gxf6 6. Be3 Bf5 7. Bd3
Bxd3 8. Qxd3 e6 9. Nf3 Bd6 10. O-O-O Qc7 11. Qe4 Nd7 12. Bh6 O-O-O 13. Qd3
Bf4+ 14. Bxf4 Qxf4+ 15. Qd2 Qc7 16. Qb4 Nb6 17. c4 Rhg8 18. g3 Qd6 19. c5
Nd5 20. Qa5 Qb8 21. Rd3 b6 22. Qa6+ Qb7 23. Qxb7+ Kxb7 24. Rb3 b5 25. a4 a6
26. Nd2 f5 27. f4 Kc7 28. axb5 axb5 29. Kc2 Nf6 30. Ra3 Kb7 31. Rha1 Ra8 32.
b4 Rxa3 33. Rxa3 Rd8 34. Nf3 h6 35. Ne5 Rxd4 36. Ra7+ Kxa7 37. Nxc6+ Kb7 38.
Nxd4 Ka6 39. Nc6 Ng4 40. Nd8 Ne3+ 41. Kd3 Nf1 42. Nxf7 h5 43. Nd8 Nxh2 44.
Nxe6 Nf1 45. Ng7 Nxg3 46. Ke3 h4 47. Kf3 Kb7 48. Kg2 Kc6 49. Kh3 Ne2 50.
Kxh4 Nxf4 51. Nxf5 Nd3 52. Nd4+ Kb7 53. Nc2 Kc6 54. Kg4 Nxb4 55. Nxb4+ Kxc5
56. Nd3+ Kc4 57. Nb2+ Kc3 58. Nd1+ Kc2 59. Ne3+ Kd3 60. Kf4 b4 61. Nd5 b3
62. Nb4+ Kc3 63. Nd5+ Kc4 64. Ne3+ Kd3 65. Nd1 Kd2 66. Nb2 Kc2 67. Na4 Kb1
68. Ke3 Ka2 69. Kd3 Ka3 70. Nc3 b2 71. Nb1+ Kb3 72. Kd2 Ka2 73. Kc2 Ka1 74.
Nc3 b1=Q+ 75. Nxb1 {Game drawn because neither player has mating material}
1/2-1/2

[Event "ICC tourney 2008 (45 10)"]
[Site "Internet Chess Club"]
[Date "2020.09.19"]
[Round "5"]
[White "QueenHM"]
[Black "Chris0708"]
[Result "0-1"]
[ICCResult "White checkmated"]
[WhiteElo "1572"]
[BlackElo "1286"]
[Opening "KGA: bishop's gambit"]
[ECO "C33"]
[NIC "KG.03"]
[Time "21:02:34"]
[TimeControl "2700+10"]

1. e4 e5 2. f4 exf4 3. Bc4 g6 4. d4 Bg7 5. Bxf4 Nc6 6. c3 Nge7 7. Nf3 d5 8.
exd5 Nxd5 9. Bg3 O-O 10. O-O Bg4 11. Nbd2 Ne3 12. Qe2 Nxf1 13. Rxf1 Re8 14.
Qf2 Na5 15. Bxf7+ Kxf7 16. Ne5+ Kg8 17. Nxg4 Rf8 18. Qe2 Qg5 19. Rxf8+ Rxf8
20. Ne5 Bh6 21. Ndf3 Qc1+ 22. Be1 Qe3+ 23. Qxe3 Bxe3+ 24. Kf1 Nc6 25. Nxc6
bxc6 26. Ke2 Re8 27. Kd3 c5 28. dxc5 Bxc5 29. Bg3 Bd6 30. Bxd6 cxd6 31. b3
Rb8 32. c4 Rb6 33. Nd4 a5 34. Nb5 d5 35. g4 h6 36. h4 Kf7 37. Nc7 dxc4+ 38.
bxc4 Rc6 39. Nd5 Ke6 40. Kd4 Rd6 41. a4 g5 42. h5 Rd8 43. Ke4 Rc8 44. Kd4
Rf8 45. Ke4 Rf1 46. Nc7+ Kd6 47. Nb5+ Kc5 48. Kd3 Rg1 49. Nc7 Rxg4 50. Ne6+
Kd6 51. Ng7 Rg3+ 52. Kd4 Ra3 53. Nf5+ Ke6 54. Nxh6 Rxa4 55. Ng4 Rb4 56. h6
Rb8 57. c5 Rb4+ 58. Kc3 Rxg4 59. h7 Rh4 60. h8=Q Rxh8 61. c6 Kd6 62. c7 Kxc7
63. Kc4 Rh4+ 64. Kd5 Rf4 65. Ke5 a4 66. Kd5 a3 67. Ke5 a2 68. Kd5 a1=Q 69.
Ke6 Qa6+ 70. Kd5 Qc6+ 71. Ke5 Qd6# {White checkmated} 0-1

[Event "ICC tourney 2008 (45 10)"]
[Site "Internet Chess Club"]
[Date "2020.09.19"]
[Round "5"]
[White "stephenwilly"]
[Black "handsomematch"]
[Result "0-1"]
[ICCResult "White checkmated"]
[WhiteElo "1316"]
[BlackElo "1236"]
[Opening "Giuoco Pianissimo: Italian four knights variation"]
[ECO "C50"]
[NIC "IG.02"]
[Time "21:01:39"]
[TimeControl "2700+10"]

1. e4 e5 2. Nf3 Nc6 3. Bc4 Bc5 4. Nc3 Nf6 5. d3 h6 6. h3 d6 7. g4 Bd7 8. g5
hxg5 9. Nxg5 Rf8 10. Nd5 Nxd5 11. Bxd5 Qf6 12. Qe2 Qe7 13. Nh7 Rh8 14. Ng5
Nd4 15. Qd1 f6 16. Nf7 Rf8 17. c3 Nc6 18. Qh5 Rxf7 19. Bxf7+ Qxf7 20. Qh8+
Qf8 21. Qh7 O-O-O 22. a4 Be6 23. b4 Nxb4 24. cxb4 Bxb4+ 25. Bd2 Bxd2+ 26.
Kxd2 d5 27. Rhb1 Qc5 28. Ke1 Qc3+ 29. Kf1 Qxd3+ 30. Kg2 dxe4 31. Re1 Qf3+
32. Kh2 Qxf2+ 33. Kh1 Bd5 34. Red1 Qf3+ 35. Kh2 e3 36. Rg1 Qf2+ 37. Rg2
Qxg2# {White checkmated} 0-1

[Event "ICC tourney 2008 (45 10)"]
[Site "Internet Chess Club"]
[Date "2020.09.19"]
[Round "5"]
[White "VirginiaGuy"]
[Black "aakashjr"]
[Result "1/2-1/2"]
[ICCResult "Game drawn by mutual agreement"]
[WhiteElo "1514"]
[BlackElo "1538"]
[Opening "Queen's pawn game, Krause variation"]
[ECO "D02"]
[NIC "QP.08"]
[Time "21:01:48"]
[TimeControl "2700+10"]

1. d4 d5 2. Nf3 c5 3. e3 e6 4. b3 Nc6 5. Bb2 Nf6 6. a3 Bd6 7. Ne5 Bxe5 8.
dxe5 Nd7 9. f4 O-O 10. Bd3 b6 11. O-O Bb7 12. Rf3 f5 13. Rh3 g6 14. Nd2 d4
15. Nf3 Qe7 16. Ng5 h5 17. Bc4 Nd8 18. exd4 Rc8 19. dxc5 Qxc5+ 20. Bd4 Qc6
21. Qd2 b5 22. Bd3 Nf7 23. Nf3 Nc5 24. Bxc5 Qxc5+ 25. Kh1 Bxf3 26. Rxf3 Rfd8
27. Qf2 Qxf2 28. Rxf2 a6 29. Rff1 {Game drawn by mutual agreement} 1/2-1/2

[Event "ICC tourney 2008 (45 10)"]
[Site "Internet Chess Club"]
[Date "2020.09.19"]
[Round "5"]
[White "amdink"]
[Black "TheMoffattMan"]
[Result "1-0"]
[ICCResult "Black resigns"]
[WhiteElo "1236"]
[BlackElo "1351"]
[Opening "Sicilian defense"]
[ECO "B32"]
[NIC "SI.32"]
[Time "21:01:41"]
[TimeControl "2700+10"]

1. e4 c5 2. Nf3 Nc6 3. d4 cxd4 4. Nxd4 d6 5. Bb5 Bd7 6. O-O g6 7. Nc3 Bg7 8.
Nxc6 bxc6 9. Bc4 Bxc3 10. bxc3 Nf6 11. Qf3 d5 12. exd5 cxd5 13. Bxd5 Nxd5
14. Qxd5 Qc8 15. Qd4 f6 16. Re1 Kf7 17. Ba3 e5 18. Qd6 Re8 19. Rab1 Re6 20.
Qd5 Kg7 21. Rb7 Kh8 22. Qxd7 Qxd7 23. Rxd7 Rc6 24. Bb4 a5 25. Be7 f5 26.
Rxe5 Rxc3 27. Bf6+ Kg8 28. Re8+ Rxe8 29. Bxc3 Rc8 30. Rd3 Rb8 31. h3 Rb1+
32. Kh2 a4 33. Rd8+ Kf7 34. Ra8 Rc1 35. Rxa4 Rxc2 36. Bd4 Rd2 37. Be3 Rd7
38. Ra7 Ke6 39. Rxd7 Kxd7 40. a4 Kc6 41. a5 Kb5 42. Bb6 g5 43. Kg3 h5 44. f4
h4+ 45. Kf3 g4+ 46. hxg4 fxg4+ 47. Kxg4 h3 48. Kxh3 Ka6 49. f5 Kb7 50. f6
Kc8 51. a6 {Black resigns} 1-0

[Event "ICC tourney 2008 (45 10)"]
[Site "Internet Chess Club"]
[Date "2020.09.19"]
[Round "5"]
[White "SoaringHawk24"]
[Black "geeleong"]
[Result "0-1"]
[ICCResult "White checkmated"]
[WhiteElo "1307"]
[BlackElo "1653"]
[Opening "French: Tarrasch, closed variation"]
[ECO "C05"]
[NIC "FR.17"]
[Time "21:01:44"]
[TimeControl "2700+10"]

1. e4 e6 2. d4 d5 3. Nd2 Nf6 4. e5 Nfd7 5. Bd3 c5 6. c3 Nc6 7. Ndf3 cxd4 8.
cxd4 g6 9. Ne2 Bg7 10. O-O O-O 11. Bd2 f6 12. exf6 Bxf6 13. Bh6 Bg7 14. Bxg7
Kxg7 15. Qd2 e5 16. dxe5 Ndxe5 17. Nxe5 Nxe5 18. Rad1 Bg4 19. f3 Qb6+ 20.
Kh1 Bd7 21. Qc3 Rae8 22. f4 d4 23. Qxd4 Qxd4 24. Nxd4 Nxd3 25. Rxd3 Re4 26.
Rdd1 Rexf4 27. Rxf4 Rxf4 28. Nf3 Bc6 29. Nd4 Bd7 30. Nf3 Bg4 31. Rc1 Bxf3
32. Rc7+ Rf7 33. Rxf7+ Kxf7 34. gxf3 Kf6 35. Kg2 Kf5 36. Kg3 h6 37. h4 b5
38. f4 a5 39. a3 Ke4 40. Kg4 a4 41. h5 gxh5+ 42. Kxh5 Kxf4 43. Kxh6 Ke4 44.
Kg6 Kd4 45. Kf6 Kc4 46. Ke6 Kb3 47. Kd5 Kxb2 48. Kc5 Kxa3 49. Kxb5 Kb3 50.
Kc5 a3 51. Kd4 a2 52. Kd3 a1=Q 53. Ke4 Qd1 54. Ke5 Kc4 55. Ke6 Kc5 56. Ke7
Kc6 57. Ke8 Kc7 58. Ke7 Qe1+ 59. Kf8 Kd7 60. Kf7 Qf1+ 61. Kg6 Ke6 62. Kg5
Qf3 63. Kg6 Qg3+ 64. Kh5 Kf6 65. Kh6 Qg6# {White checkmated} 0-1

[Event "ICC tourney 2008 (45 10)"]
[Site "Internet Chess Club"]
[Date "2020.09.19"]
[Round "5"]
[White "shrey16ultimate"]
[Black "AdityaBang"]
[Result "1-0"]
[ICCResult "Black resigns"]
[WhiteElo "1621"]
[BlackElo "1230"]
[Opening "Queen's pawn, Mason variation"]
[ECO "D00"]
[NIC "QP.08"]
[Time "21:01:39"]
[TimeControl "2700+10"]

1. d4 d5 2. Bf4 Nf6 3. e3 e6 4. Nd2 Nbd7 5. c4 c6 6. Ngf3 Be7 7. Qc2 O-O 8.
Bd3 b6 9. Ne5 Bb7 10. O-O c5 11. Ndf3 dxc4 12. Bxc4 Nxe5 13. Bxe5 cxd4 14.
Nxd4 Rc8 15. Qb3 Ng4 16. Nxe6 fxe6 17. Bxe6+ Kh8 18. Bxg4 Rc5 19. Bd4 Rg5
20. Bh3 Qd7 21. Bxg7+ Rxg7 22. Qc3 Qxh3 23. Qxg7+ Kxg7 24. gxh3 Rf3 25. Rfd1
Ba8 26. Rd7 Kf8 27. Rc1 Ke8 28. Rxa7 Be4 29. Rc4 Bd5 30. Rd4 Rf5 31. e4 Rg5+
32. Kf1 Bc6 33. a4 Bc5 34. Rc4 Bd7 35. Rc3 Rh5 36. b4 Bxb4 37. Rcc7 Bxh3+
38. Ke2 Bg4+ 39. Kd3 Rh3+ 40. Kc2 Kd8 41. Rg7 Rc3+ 42. Kb2 Ke8 43. Ra8+ Bc8
44. Rg8+ Bf8 45. Rxf8+ Kxf8 46. Kxc3 {Black resigns} 1-0

[Event "ICC tourney 2008 (45 10)"]
[Site "Internet Chess Club"]
[Date "2020.09.19"]
[Round "5"]
[White "GPWKnight"]
[Black "SunnyDays0"]
[Result "1/2-1/2"]
[ICCResult "Game drawn because neither player has mating material"]
[WhiteElo "1583"]
[BlackElo "1181"]
[Opening "French: advance, Paulsen attack"]
[ECO "C02"]
[NIC "FR.03"]
[Time "21:01:47"]
[TimeControl "2700+10"]

1. e4 e6 2. d4 d5 3. e5 c5 4. c3 Nc6 5. Nf3 Nge7 6. Na3 a6 7. Be2 Nf5 8. Nc2
Be7 9. O-O O-O 10. a3 Na5 11. Rb1 Nb3 12. Na1 Na5 13. b4 cxb4 14. axb4 Nc4
15. Nd2 b5 16. Nxc4 dxc4 17. Nc2 Bb7 18. Bf3 Qc7 19. Bxb7 Qxb7 20. Qg4 a5
21. Ne3 g6 22. Nxf5 exf5 23. Qg3 axb4 24. cxb4 Qe4 25. Bb2 Bxb4 26. Bc3 Bxc3
27. Qxc3 Rab8 28. Rfe1 Qd5 29. Rb2 b4 30. Rxb4 Rxb4 31. Qxb4 Qxd4 32. Rc1
Rd8 33. g3 Rc8 34. Qb7 Rc5 35. Qb4 Rxe5 36. Qxc4 Qxc4 37. Rxc4 Re4 38. Rc8+
Kg7 39. Kg2 h5 40. Rc3 f4 41. Rf3 fxg3 42. fxg3 g5 43. Rf2 Kg6 44. Kh3 f5
45. Rf1 Re6 46. Rf2 Rf6 47. Rf1 f4 48. g4 f3 49. gxh5+ Kxh5 50. Kg3 g4 51.
h3 gxh3 52. Kxh3 f2 53. Kg3 Kg5 54. Rxf2 Rxf2 55. Kxf2
{Game drawn because neither player has mating material}
1/2-1/2

[Event "ICC tourney 2008 (45 10)"]
[Site "Internet Chess Club"]
[Date "2020.09.19"]
[Round "5"]
[White "kween26"]
[Black "WizardY"]
[Result "1/2-1/2"]
[ICCResult "Game drawn by mutual agreement"]
[WhiteElo "1368"]
[BlackElo "1439"]
[Opening "Sicilian: Alapin's variation (2.c3)"]
[ECO "B22"]
[NIC "SI.46"]
[Time "21:01:42"]
[TimeControl "2700+10"]

1. e4 c5 2. c3 Nf6 3. e5 Nd5 4. Nf3 d6 5. d4 cxd4 6. exd6 exd6 7. Nxd4 Be7
8. Be2 O-O 9. O-O Nc6 10. Bf3 Nxd4 11. Bxd5 Nc6 12. Bf4 Be6 13. Na3 a6 14.
Nc4 b5 15. Bxc6 Bxc4 16. Re1 Rc8 17. Bb7 Rb8 18. Bf3 Qc7 19. Rxe7 Qxe7 20.
Bxd6 Qd8 21. Bxf8 Kxf8 22. Qc2 Kg8 23. Rd1 Qf6 24. Qe4 Bxa2 25. Re1 h6 26.
Bd1 Qe6 27. Bc2 Qxe4 28. Rxe4 Be6 29. Rd4 Re8 30. f3 a5 31. Bd3 Rb8 32. Kf2
Kf8 33. Ke3 Ke7 34. g4 g5 35. Ke4 f6 36. Ke3 b4 37. cxb4 Rxb4 38. Rxb4 axb4
39. Kd4 Kd6 40. Bc4 Bd7 41. Bb3 Bc6 42. Bd1 Bd5 43. Be2 b3 44. Bd1 Ke6 45.
Be2 {Game drawn by mutual agreement} 1/2-1/2